 Dungeon Crawl Stone Soup version 0.16.2-12-gd0ad4c3 (webtiles) character file.

23 faibistes the Magician (level 2, 0/15 HPs)
             Began as a Deep Elf Wizard on May 18, 2018.
             Slain by a gnoll
             ... wielding a cursed -1 club
              (4 damage)
             ... on level 1 of the Dungeon on May 19, 2018.
             The game lasted 00:02:53 (1244 turns).

faibistes the Magician (Deep Elf Wizard)            Turns: 1244, Time: 00:02:53

Health: 0/15       AC:  2    Str:  4    XL:     2   Next: 72%
Magic:  2/11       EV: 12    Int: 22    God:
Gold:   80         SH:  0    Dex: 13    Spells: 3 memorised, 6 levels left

rFire  . . .     SeeInvis .     f - +0 dagger
rCold  . . .     Clarity  .     a - +0 robe
rNeg   . . .     SustAb   .     (no shield)
rPois  .         Gourm    .     b - +0 hat
rElec  .         Spirit   .     (no cloak)
rCorr  .         Warding  .     (no gloves)
rMut   .         Stasis   .     (no boots)
MR     .....                    (no amulet)
Stlth  ++........               (no ring)
                                (no ring)

@: not resistant to hostile enchantments, unstealthy
A: no striking features
a: no special abilities


You were on level 1 of the Dungeon.
You were hungry.

You visited 1 branch of the dungeon, and saw 2 of its levels.

You collected 80 gold pieces.

Inventory:

Hand weapons
 f - a +0 dagger (weapon)
 g - a +0 club
Armour
 a - a +0 robe (worn)
 b - a +0 hat (worn)
Scrolls
 e - 2 scrolls of enchant armour {unknown}
 i - a scroll of identify {unknown}
 k - a scroll of magic mapping {unknown}
 l - a scroll of fog {unknown}
 m - a scroll of noise {unknown}
Potions
 h - 2 potions of restore abilities {unknown}
 j - a potion of flight {unknown}
Books
 c - a book of Minor Magic

   Spells                             Type                      Level
   a - Magic Dart                     Conjuration                  1
   b - Blink                          Translocation                2
   c - Call Imp                       Summoning                    2
   d - Repel Missiles                 Charms/Air                   2
   e - Slow                           Hexes                        2
   f - Conjure Flame                  Conjuration/Fire             3
   g - Mephitic Cloud                 Conjuration/Poison/Air       3
Comestibles
 d - a bread ration


   Skills:
 + Level 2.5 Dodging
 - Level 2.4 Stealth
 * Level 5.0 Spellcasting
 * Level 2.2 Conjurations
 - Level 1.1 Summonings
 - Level 1.1 Translocations


You had 6 spell levels left.
You knew the following spells:

 Your Spells              Type           Power        Failure   Level  Hunger
a - Magic Dart            Conj           ###.         4%          1    None
c - Call Imp              Summ           ##......     12%         2    None
d - Blink                 Tloc           N/A          12%         2    None


Dungeon Overview and Level Annotations

Branches:
Dungeon (2/15)

Altars:


Message History

The gnoll is almost dead.
The gnoll hits you with a club.
Casting: Magic Dart
Confirm with . or Enter, or press ? or * to list all spells.
Aiming: Magic Dart
Press: ? - help, Shift-Dir - straight line, f/p - gnoll
Aim: a gnoll, wielding a club and wearing a ring mail (almost dead)
The magic dart hits the gnoll.
The gnoll is almost dead.
The gnoll hits you with a club.
* * * LOW HITPOINT WARNING * * *
Casting: Magic Dart
Confirm with . or Enter, or press ? or * to list all spells.
Aiming: Magic Dart
Press: ? - help, Shift-Dir - straight line, f/p - gnoll
Aim: a gnoll, wielding a club and wearing a ring mail (almost dead)
The magic dart hits the gnoll.
The gnoll is almost dead.
The gnoll hits you with a club.
You die...

....#.##....#.....#.#
.#..#.###.###....##.#
........#'# #....##.#
.##.##.##.#
#....##.###
.....#.##+#
#....##...#
.#####.##.#
#....####.#
.......##'#####..#
#.#####
>#.#####...#####.#
#.....#
.#.'.'.'.<.'.'.'@#
#####.#
.#######...#####g#
#...# .# ##'##.....#
#.### .# #.#.5#####
#.# .# #'#.## #.# ##
#.#.# #.# # #'#.# #.#
## #...# #.# .##
#.### #.#


You could see a gnoll.

Vanquished Creatures
  A giant gecko (D:1)
  3 bats (D:1)
  A giant cockroach (D:1)
  4 goblins (D:1)
  4 hobgoblins (D:1)
  3 kobolds (D:1)
  A giant newt (D:1)
  2 rats (D:1)
19 creatures vanquished.

Vanquished Creatures (others)
  A crimson imp (D:1)
  A white imp (D:1)
2 creatures vanquished.

Grand Total: 21 creatures vanquished

Notes
Turn   | Place    | Note
--------------------------------------------------------------
     0 | D:1      | faibistes, the Deep Elf Wizard, began the quest for the Orb.
     0 | D:1      | Reached XP level 1. HP: 10/10 MP: 6/6
   395 | D:1      | Reached XP level 2. HP: 15/15 MP: 0/10
   410 | D:1      | Learned a level 2 spell: Blink
   413 | D:1      | Learned a level 2 spell: Call Imp
   852 | D:1      | Reached skill level 5 in Spellcasting
  1244 | D:1      | Slain by a gnoll

Action                   || total
-------------------------++-------
Melee: Unarmed           ||    11
       Dagger            ||     2
       Club              ||     1
 Cast: Magic Dart        ||    54
       Call Imp          ||     3
